AoeStats
← 666

Arabia

510180946Analyzed
1v1 RM · 2d ago on Sep 29, 2026· 33m 10s· 2 players
Game mode
Random Map
Map size
Tiny (2 player)
Population
200
Speed
Normal
Resources
Standard
Victory
Conquest
Starting age
Dark Age
Ending age
Imperial Age
RankedLock teamsTeams togetherTeam positionsShared explorationLock speedFull tech treeHidden civsTurbo modeCheats
Victory
Defeat
🇦🇷 Huns · Argentina
858
+14
🇨🇱 Khmer · Chile
808
-14
666
2:29 Loom
8:45 Feudal Age
13:25 Double-Bit Axe
17:14 Castle Age
Calamar100pre
10:49 Feudal Age
11:12 Loom
13:20 Bloodlines
21:05 Castle Age
18:55 Horse Collar
19:21 Double-Bit Axe
22:18 Stone Mining
26:25 Wheelbarrow
29:45 Heavy Plow
31:30 Scale Barding Armor
31:37 Forging
31:05 Pikeman
Connection lost

Rejoining the realm…

Still unreachable

The connection could not be restored.

Session expired

The server has moved on; the page needs a fresh start.